 Dungeon Crawl Stone Soup version 0.31.0-11-ge490571c62 (webtiles) character file.

Game seed: 15261920984534059862

68 Arctor the Firebug (level 4, 0/24 HPs)
             Began as a Deep Elf Fire Elementalist on Feb 2, 2024.
             Succumbed to Ijyb's poison
             ... on level 3 of the Dungeon.
             The game lasted 00:01:56 (2683 turns).

Arctor the Firebug (Deep Elf Fire Elementalist)     Turns: 2683, Time: 00:01:56

Health: 0/24       AC:  2    Str:  5    XL:     4   Next: 1%
Magic:  10/11      EV: 14    Int: 22    God:
Gold:   110        SH:  0    Dex: 21    Spells: 9/10 levels left

rFire   . . .        n - +0 arbalest
rCold   . . .        (shield currently unavailable)
rNeg    . . .        a - +0 robe
rPois   .            (no helmet)
rElec   .            (no cloak)
rCorr   .            (no gloves)
SInv    .            (no boots)
Will    .....        (no amulet)
Stlth   +++          g - +6 ring of dexterity
HPRegen 0.24/turn    (no ring)
MPRegen 0.12/turn

%: no passive effects
@: lethally poisoned (0 -> -21), attractive
A: no striking features
a: no special abilities


You were on level 3 of the Dungeon.
You visited 1 branch of the dungeon, and saw 3 of its levels.

You collected 110 gold pieces.

Inventory:

Hand Weapons
 n - a +0 arbalest (weapon)
Armour
 a - a +0 robe (worn)
Jewellery
 g - a +6 ring of dexterity (left hand)
Scrolls
 c - a scroll of brand weapon {unknown}
 d - 9 scrolls of identify {unknown}
 f - 2 scrolls of teleportation {unknown}
 h - a scroll of fog {unknown}
 k - a scroll of enchant weapon {unknown}
Potions
 b - a potion of magic
 i - a potion of enlightenment {unknown}
 j - 2 potions of cancellation {unknown}
 l - a potion of curing {unknown}
 m - a potion of brilliance {unknown}


   Skills:
 + Level 0.0 Ranged Weapons
 + Level 3.2 Dodging
 + Level 3.2 Stealth
 + Level 3.7 Spellcasting
 + Level 2.0 Conjurations
 + Level 3.8 Fire Magic


You had 9 spell levels left.
You knew the following spells:

 Your Spells              Type           Power      Damage    Failure   Level
a - Foxfire               Conj/Fire      68%        2x1d7     3%          1

Your spell library contained the following spells:

 Spells                   Type           Power      Damage    Failure   Level
 Scorch                   Fire           40%        2d6       3%          2
 Inner Flame              Hex/Fire       12%        N/A       16%         3
 Volatile Blastmotes      Fire/Tloc      24%        2d12      16%         3
 Flame Wave               Conj/Fire      17%        2d7       34%         4


Dungeon Overview and Level Annotations

Branches:
Dungeon (3/15)

Altars:

Annotations:
D:3 Ijyb


Message History

You kill the giant cockroach!
You have reached level 4!
You feel clever.
Ijyb the Twisted Goblin comes into view.
She is wielding a +2 dagger of venom and carrying a wand of charming.
Okay, then.
You shoot a bolt. The bolt hits Ijyb.
Ijyb shouts!
Ijyb is moderately wounded.
Ijyb zaps a wand.
You resist with some effort.
You shoot a bolt. The bolt hits Ijyb but does no damage.
Ijyb is moderately wounded.
Ijyb zaps a wand.
Your will is overpowered!
You are confused.
You shoot a bolt.
Ijyb zaps a wand.
You resist with some effort.
You shoot a bolt. You shoot a bolt. Ijyb closely misses you.
You shoot a bolt.
You feel less confused.
Ijyb hits you with a +2 dagger of venom.
You are poisoned.
Ijyb hits you with a +2 dagger of venom.
You shoot a bolt. The bolt barely misses Ijyb.
You feel very sick.
Ijyb hits you with a +2 dagger of venom.
You are more poisoned.
Ijyb closely misses you.
Casting: Foxfire (safe; 3% risk of failure)
Confirm with . or Enter, or press ? or * to list all spells.
You don't know that spell.
Okay, then.
Casting: Foxfire (safe; 3% risk of failure)
Confirm with . or Enter, or press ? or * to list all spells.
You conjure some foxfire!
You feel very sick.
Ijyb hits you with a +2 dagger of venom.
* * * LOW HITPOINT WARNING * * *
You are more poisoned.
It was a potion of attraction.
You feel attractive to monsters.
You die...

#...# #...# #...#
...######
......$..
#....... ###
###...###.#
.....##.v@g......
.......<#.v.###.#
#....####.......
##.. .........
#.. ###.###.# ..
.# # . .# .#


You could see Ijyb (ally target).

Vanquished Creatures
  3 adders (D:2)
  A dart slug (D:2)
  4 bats
  4 endoplasms
  2 giant cockroaches
  4 goblins
  4 hobgoblins
  2 jackals (D:1)
  6 kobolds
  A quokka (D:1)
  A ball python (D:2)
  2 frilled lizards
  4 rats
38 creatures vanquished.

Vanquished Creatures (others)
  225 foxfires
225 creatures vanquished.

Grand Total: 263 creatures vanquished

Notes
Turn   | Place    | Note
-------+----------+-------------------------------------------
     0 | D:1      | Arctor the Deep Elf Fire Elementalist began the quest for
                  | the Orb.
     0 | D:1      | Reached XP level 1. HP: 10/10 MP: 6/6
   360 | D:1      | Reached XP level 2. HP: 12/15 MP: 1/8
  1615 | D:2      | Reached XP level 3. HP: 19/19 MP: 3/9
  2674 | D:3      | Reached XP level 4. HP: 24/24 MP: 11/11
  2674 | D:3      | Noticed Ijyb
  2683 | D:3      | Succumbed to Ijyb's poison

Illustrated notes

Levels and vault maps discovered:
D:1:      dpeg_arrival_boxorama, layout_loops_ring,
          nicolae_concentric_dashed_squares_wild
D:2:      layout_basic, kennysheep_generic_room_6
D:3:      layout_loops_cross, uniq_grinder, uniq_ijyb

Skill      XL: |  1  2  3 |
---------------+----------+-----
Stealth        | 3 |  3.2
Dodging        | 3 |  3.2
Conjurations   | 2 |  2.0
Spellcasting   | |  3.7
Fire Magic     | |  3.8

Action                     |  1- 3 |  4- 6 || total
---------------------------+-------+-------++-------
  Melee: Unarmed           |     7 |       ||     7
   Fire: Arbalest          |     3 |     7 ||    10
   Cast: Foxfire           |   143 |     1 ||   144
    Use: Potion            |       |     1 ||     1
 Armour: Robe              |     8 |     4 ||    12
  Dodge: Dodged            |    11 |     2 ||    13
